 Dungeon Crawl Stone Soup version 0.22-a0-596-gfbd32a6 (webtiles) character file.

14 Amnesiac the Charlatan (level 2, -1/14 HPs)
             Began as a Spriggan Artificer on July 5, 2018.
             Slain by Wingboner's ghost (10 damage)
             ... on level 4 of the Dungeon.
             The game lasted 00:02:27 (782 turns).

Amnesiac the Charlatan (Spriggan Artificer)          Turns: 782, Time: 00:02:28

Health: -1/14      AC:  2    Str:  8    XL:     2   Next: 27%
Magic:  6/6        EV: 18    Int: 12    God:
Gold:   106        SH:  0    Dex: 16    Spells: 1/1 levels left

rFire    . . .     SeeInvis +   a - +0 short sword
rCold    . . .     Gourm    .   (shield restricted)
rNeg     . . .     Faith    .   b - +0 robe
rPois    .         Spirit   .   (helmet restricted)
rElec    .         Reflect  .   (no cloak)
rCorr    .         Harm     .   (gloves unavailable)
MR       .....                  (boots unavailable)
Stlth    ++........             (no amulet)
HPRegen  0.04/turn              (no ring)
MPRegen  0.10/turn              (no ring)

@: very quick
A: very small, unfitting armour, see invisible, herbivore, speed 3, slow
metabolism 2
a: no special abilities


You were on level 4 of the Dungeon.
You were not hungry.

You visited 1 branch of the dungeon, and saw 4 of its levels.

You collected 106 gold pieces.

Inventory:

Hand Weapons
 a - a +0 short sword (weapon)
Missiles
 k - 2 tomahawks of dispersal (quivered)
Armour
 b - a +0 robe (worn)
Wands
 c - a wand of flame (12)
 d - a wand of enslavement (15)
 e - a wand of random effects (15)
Scrolls
 h - 2 scrolls of enchant weapon {!r, unknown}
 j - a scroll of remove curse {!r, unknown}
 l - a scroll of blinking {!r, unknown}
Potions
 g - a potion of cancellation {!q, unknown}
 i - a potion of curing {!q, unknown}
Comestibles
 f - 4 rations


   Skills:
 - Level 0.7 Fighting
 + Level 1.2 Short Blades
 - Level 3.0 Dodging
 - Level 1.5 Stealth
 * Level 4.9 Evocations


You had one spell level left.
You didn't know any spells.
Your spell library was empty.

Dungeon Overview and Level Annotations

Branches:
Dungeon (4/15)
 Temple: D:4-7

Altars:

Annotations:
D:4 Wingboner's ghost, amateur HONe


Innate Abilities, Weirdness & Mutations

You are very small and have problems with some larger weapons.
You are too small for most types of armour.
You have supernaturally acute eyesight. (SInv)
You are a herbivore.
You cover ground extremely quickly.
You need to consume almost no food.


Message History

The quokka is moderately wounded.
The quokka misses you.
You barely miss the quokka.
The quokka is moderately wounded.
The quokka barely misses you.
You hit the quokka but do no damage.
The quokka is moderately wounded.
The quokka bites you but does no damage.
You barely miss the quokka.
The quokka is moderately wounded.
The quokka completely misses you. The quokka bites you.
You closely miss the quokka.
The quokka is moderately wounded.
The quokka bites you but does no damage.
You barely miss the quokka.
The quokka is moderately wounded.
The quokka bites you but does no damage.
You closely miss the quokka.
The quokka is moderately wounded.
The quokka bites you but does no damage.
You hit the quokka.
You kill the quokka!
No target in view!
No target in view!
You now have 106 gold pieces (gained 12).
You start resting.
HP restored.
Found a ration and 19 arrows.
You start resting.
HP restored.
f - 3 rations (gained 1)
Found a scroll labeled BEON JOLUZEOVO.
f - 4 rations (gained 1)
Found a scroll labeled WYORAD TUIGOKH.
h - 2 scrolls labeled BEON JOLUZEOVO {!r} (gained 1)
Found a runed door.
l - a scroll labeled WYORAD TUIGOKH {!r}
Found a leather armour.
You open the door.
Evoke which item? (* to show all) (? for menu, Esc to quit)
Aiming: Throw Flame
Press: ? - help, Shift-Dir - straight line, f - Wingboner's ghost
Aim: Wingboner's ghost, wielding a weapon of electrocution (resting) Wingboner's ghost whispers, "Death is liberation."
There is an open door here.
Evoke which item? (* to show all) (? for menu, Esc to quit)
Aiming: Throw Flame
Press: ? - help, Shift-Dir - straight line, f/p - Wingboner's ghost
Aim: Wingboner's ghost, wielding a weapon of electrocution (moderately damaged)
The puff of flame hits Wingboner's ghost.
Wingboner's ghost is heavily damaged.
Wingboner's ghost is engulfed in a cloud of scalding steam.
There is an open door here.
Wingboner's ghost stares at you.
Evoke which item? (* to show all) (? for menu, Esc to quit)
Aiming: Throw Flame
Press: ? - help, Shift-Dir - straight line, f/p - Wingboner's ghost
Aim: Wingboner's ghost, wielding a weapon of electrocution (heavily damaged)
The puff of flame hits Wingboner's ghost.
Wingboner's ghost is severely damaged.
Wingboner's ghost hits you.
You are electrocuted!
Ouch! That really hurt!
You die...

########.#######
#.# #.# #.# #.##
#..## #...#
##'## #.≈@#
#.W.# #.≈.#
#.§.# #.[.#
#####


You could see Wingboner's ghost.

Vanquished Creatures
  2 bats
  3 hobgoblins (D:1)
  3 kobolds
  A quokka (D:4)
  2 frilled lizards (D:1)
  2 rats (D:1)
13 creatures vanquished.

Notes
Turn   | Place    | Note
-------+----------+-------------------------------------------
     0 | D:1      | Amnesiac the Spriggan Artificer began the quest for the Orb.
     0 | D:1      | Reached XP level 1. HP: 9/9 MP: 4/4
   332 | D:1      | Reached XP level 2. HP: 11/14 MP: 6/6
   762 | D:4      | Found a runed door.
   769 | D:4      | Noticed Wingboner's ghost (amateur HONe)
   782 | D:4      | Slain by Wingboner's ghost

Vault maps used:
D:1:      shiori_arrival_elements
D:2:      grunt_temple_overflow_open, chequers_ecumenical_altar_simple_redux,
          grunt_decor_arrowhead
D:3:      first_ration
D:4:      kennysheep_big_flooded_room, vehumet_crystals, lemuel_doored_altar,
          ebering_ghost_reflecting_pool, dk_vineyard_3, bloody_trog

Action                   || total
-------------------------++-------
Melee: Short sword       ||    63
Evoke: Wand              ||     3
 Stab: Sleeping          ||     2
Armor: Robe              ||     9
Dodge: Dodged            ||    47

Table legend:
 A = Spawn XP
 B = Non-spawn XP
 C = Spawn XP percentage of total XP
 D = Spawn monster count
 E = Non-spawn monster count
 F = Spawn count percentage of total count
 G = Total turns spent on level
                    A         B        C        D         E        F      G
               +---------+---------+-------+---------+---------+-------+---------
         Total |       0 |      20 |   0.0 |       0 |      13 |   0.0 |   782
               +---------+---------+-------+---------+---------+-------+---------
           D:1 |       0 |      15 |   0.0 |       0 |      10 |   0.0 |   503
           D:2 |       0 |       3 |   0.0 |       0 |       2 |   0.0 |    71
           D:4 |       0 |       2 |   0.0 |       0 |       1 |   0.0 |   184
               +---------+---------+-------+---------+---------+-------+---------
